 Dungeon Crawl Stone Soup version 0.19.0 (webtiles) character file.

115 Gorglomux the Ruffian (level 5, -2/46 HPs)
             Began as a Ghoul Monk on Nov 1, 2016.
             Slain by an orc
             ... wielding a +0 flail
              (8 damage)
             ... on level 3 of the Dungeon.
             The game lasted 00:03:15 (1890 turns).

Gorglomux the Ruffian (Ghoul Monk)                  Turns: 1890, Time: 00:03:15

Health: -2/46      AC:  2    Str: 16    XL:     5   Next: 0%
Magic:  4/4        EV: 12    Int:  5    God:
Gold:   87         SH:  0    Dex: 11    Spells: 0 memorised, 4 levels left

rFire  . . .     SeeInvis .     o - staff of air (curse)
rCold  + . .     Gourm    .     a - +0 robe
rNeg   + + +     Faith    .     (no shield)
rPois  ∞         Spirit   .     (no helmet)
rElec  +         Reflect  .     (no cloak)
rCorr  .         Harm     .     (no gloves)
MR     .....     Rnd*Tele +     (no boots)
Stlth  ++........               (no amulet)
                                (no ring)
                                p - ring of teleportation (curse)

@: rotting
A: rotting body, claws 1, carnivore 3, cold resistance 1, negative energy
resistance 3, slow regeneration 1, torment resistance, unbreathing
a: no special abilities


You were on level 3 of the Dungeon.
You were not hungry.

You visited 1 branch of the dungeon, and saw 3 of its levels.

You collected 87 gold pieces.

Inventory:

Armour
 a - a +0 robe (worn)
Magical Staves
 o - a cursed staff of air (weapon)
Jewellery
 p - a cursed ring of teleportation (left claw)
Wands
 l - a wand of digging (9/24)
Scrolls
 d - 2 scrolls of teleportation
 e - a scroll of identify
 f - a scroll of amnesia {unknown}
 q - a scroll of fear {unknown}
Potions
 h - a potion of resistance
 j - a potion of lignification {unknown}
 k - a potion of flight {unknown}
 m - a potion of brilliance {unknown}
Books
 n - a book of Changes

   Spells                             Type                      Level
   a - Beastly Appendage              Transmutation                1
   b - Sticks to Snakes               Transmutation                2
   c - Spider Form                    Transmutation/Poison         3
   d - Ice Form                       Ice/Transmutation            4
   e - Blade Hands                    Transmutation                5
Comestibles
 b - 3 meat rations
 c - a beef jerky
 g - a royal jelly


   Skills:
 + Level 4.2 Fighting
 - Level 2.6 Dodging
 - Level 2.1 Stealth
 * Level 5.4 Unarmed Combat


You had 4 spell levels left.
You didn't know any spells.

Dungeon Overview and Level Annotations

Branches:
Dungeon (3/15)

Altars:


Innate Abilities, Weirdness & Mutations

Your body is rotting away.
You thrive on raw meat.
You are immune to poison.
You have sharp fingernails.
You are carnivorous and can eat meat at any time.
Your flesh is cold resistant. (rC+)
You are immune to negative energy. (rN+++)
You regenerate slowly when monsters are visible.
You are immune to unholy pain and torment.
You can survive without breathing.


Message History

You barely miss the orc.
The orc is severely wounded.
The orc misses you.
You hit the orc but do no damage.
The orc is severely wounded.
The orc barely misses you.
You completely miss the orc.
The orc is severely wounded.
The orc closely misses you.
You hit the orc.
The orc is almost dead.
The orc hits you with a flail.
* * * LOW HITPOINT WARNING * * *
You barely miss the orc.
The orc is almost dead.
The orc misses you.
You barely miss the orc.
The orc is severely wounded.
The orc hits you with a flail!
You die...

#.#
#............#####.#
#.#
#.#.#............#.#
#.#
#.#.#..........#.#.#
#.# #
#.#.#.#........#.#
#.#
#.....#.####...#.#
#......#...#.#.#
#...#.#
########.###.#.#
#.>.#.#
#.....#.####..##.#
#######.@o....##.#
#.....#######....#
###.###.# ######
#.....(.# #.#.#####
#<#.# #.#.# #.#.#
###.#.#


You could see an orc.

Vanquished Creatures
  Jessica (D:2)
  4 adders
  A dart slug (D:3)
  A leopard gecko (D:2)
  4 orcs (D:3)
  A ball python (D:3)
  9 bats
  A giant cockroach (D:1)
  5 goblins
  3 hobgoblins (D:2)
  2 jackals (D:1)
  4 quokkas
  2 frilled lizards
  5 kobolds
  6 rats
49 creatures vanquished.

Notes
Turn   | Place    | Note
-------+----------+-------------------------------------------
     0 | D:1      | Gorglomux the Ghoul Monk began the quest for the Orb.
     0 | D:1      | Reached XP level 1. HP: 19/19 MP: 0/0
   260 | D:1      | Reached XP level 2. HP: 26/26 MP: 1/1
   822 | D:1      | Reached skill level 4 in Unarmed Combat
   982 | D:2      | Reached XP level 3. HP: 22/33 MP: 2/2
  1004 | D:2      | Noticed Jessica
  1022 | D:2      | Killed Jessica
  1022 | D:2      | Reached XP level 4. HP: 36/40 MP: 3/3
  1069 | D:2      | Reached skill level 5 in Unarmed Combat
  1833 | D:3      | Reached XP level 5. HP: 6/46 MP: 4/4
  1890 | D:3      | Slain by an orc

Skill      XL: |  1  2  3  4 |
---------------+-------------+-----
Unarmed Combat | 4 5 |  5.4
Fighting       | 4 |  4.2
Dodging        | |  2.6
Stealth        | |  2.1

Action                   |  1- 3 |  4- 6 || total
-------------------------+-------+-------++-------
Melee: Unarmed           |    70 |    42 ||   112
       Punch             |     1 |     1 ||     2
       Staff             |       |    65 ||    65
  Use: Scroll            |       |     3 ||     3
 Stab: Sleeping          |     3 |     4 ||     7
  Eat: Chunk             |     5 |     6 ||    11
Armor: Robe              |    17 |    18 ||    35
Dodge: Dodged            |    54 |    73 ||   127
